AoeStats
← Atmaca3307

Arabian Desert

510422894Analyzed
1v1 RM · 2d ago on Sep 30, 2026· 84m 9s· 2 players
Game mode
Random Map
Map size
Tiny (2 player)
Population
200
Speed
Normal
Resources
Standard
Victory
Conquest
Starting age
Dark Age
Ending age
Imperial Age
RankedLock teamsTeams togetherTeam positionsShared explorationLock speedFull tech treeHidden civsTurbo modeCheats
Victory
Defeat
🇹🇷 Huns · Türkiye
244
+11
🇨🇦 Franks · Canada
140
-11
Rastapopoulos
12:19 Feudal Age
10:35 Loom
13:24 Double-Bit Axe
16:20 Gold Mining
16:25 Stone Mining
19:38 Wheelbarrow
20:18 Town Watch
25:26 Castle Age
26:34 Hand Cart
27:53 Gold Shaft Mining
32:34 Bow Saw
71:24 Husbandry
79:01 Masonry
78:33 Treadmill Crane
79:14 Ballistics
78:43 Man-at-Arms
78:43 Pikeman
79:09 Gambesons
79:24 Squires
79:10 Arson
78:50 Crossbowman
78:51 Elite Skirmisher
79:46 Forging
79:36 Scale Mail Armor
79:42 Scale Barding Armor
79:27 Fletching
79:37 Padded Archer Armor
80:14 Town Patrol
85:37 Imperial Age
83:22 Ordonnance Companies
Atmaca3307
11:55 Feudal Age
13:20 Wheelbarrow
12:34 Double-Bit Axe
12:46 Horse Collar
16:47 Bloodlines
22:43 Castle Age
20:47 Gold Mining
20:47 Stone Mining
21:01 Scale Mail Armor
21:07 Scale Barding Armor
21:59 Forging
22:13 Fletching
22:24 Padded Archer Armor
24:04 Bow Saw
23:17 Light Cavalry
24:03 Husbandry
25:09 Gold Shaft Mining
25:28 Chain Mail Armor
25:35 Chain Barding Armor
25:27 Heavy Plow
26:51 Iron Casting
26:33 Leather Archer Armor
27:48 Hand Cart
28:32 Bodkin Arrow
36:08 Imperial Age
37:40 Plate Barding Armor
36:35 Hussar
36:36 Cavalier
36:45 Cavalier
39:41 Blast Furnace
38:42 Bracer
39:37 Ballistics
40:18 Chemistry
42:11 Two-Man Saw
40:39 Paladin
43:10 Masonry
42:56 Murder Holes
43:28 Elite Tarkan
50:17 Marauders
50:47 Atheism
73:32 Town Watch
73:34 Loom
Connection lost

Rejoining the realm…

Still unreachable

The connection could not be restored.

Session expired

The server has moved on; the page needs a fresh start.